 Dungeon Crawl Stone Soup version 0.24-a0-769-g368c1644f8 (webtiles) character file.

Game seed: 10657060021272989938, levelgen mode: deterministic

366 Deathmic the Vandal (level 7, 12/45 HPs)
             Began as a Halfling Hunter on Oct 5, 2019.
             Quit the game on level 3 of the Dungeon on May 17, 2020.
             The game lasted 00:10:59 (3115 turns).

Deathmic the Vandal (Halfling Hunter)               Turns: 3115, Time: 00:11:00

Health: 12/45      AC:  6    Str: 13    XL:     7   Next: 0%
Magic:  7/7        EV: 14    Int:  9    God:
Gold:   131        SH: 12    Dex: 22    Spells: 6/6 levels left

rFire    . . .     SeeInvis .   b - +0 short sword
rCold    + . .     Gourm    .   v - +3 shield
rNeg     . . .     Faith    .   k - +0 robe {rC+}
rPois    .         Spirit   .   (no helmet)
rElec    .         Reflect  .   r - +0 cloak
rCorr    .         Harm     .   n - +2 pair of gloves
MR       .....                  (no boots)
Stlth    ++........             (no amulet)
HPRegen  0.15/turn              s - +5 ring of dexterity
MPRegen  0.10/turn              (no ring)

@: no status effects
A: small, mutation resistance 1
a: no special abilities


You were on level 3 of the Dungeon.
You were hungry.

You visited 1 branch of the dungeon, and saw 4 of its levels.

You collected 131 gold pieces.

Inventory:

Hand Weapons
 a - a +2 hunting sling
 b - a +0 short sword (weapon)
 e - a +0 dagger of protection
Missiles
 d - 34 sling bullets
 g - 58 stones (quivered)
Armour
 c - a +0 leather armour
 k - a +0 robe of cold resistance (worn)
 n - a +2 pair of gloves (worn)
 r - a +0 cloak (worn)
 v - a +3 shield (worn)
Jewellery
 s - a +5 ring of dexterity (left hand)
Scrolls
 j - 3 scrolls of fog
 p - a scroll of magic mapping {unknown}
 q - 2 scrolls of identify
Potions
 h - a potion of magic {unknown}
 i - 2 potions of brilliance {unknown}
 l - a potion of heal wounds {unknown}
 m - a potion of curing
 o - 2 potions of lignification {unknown}
 t - a potion of resistance {unknown}
 u - a potion of mutation {unknown}
Comestibles
 f - 7 rations


   Skills:
 + Level 2.6 Fighting
 + Level 4.2 Short Blades
 + Level 7.1 Slings
 + Level 0.7 Armour
 + Level 3.4 Dodging
 + Level 2.1 Stealth
 + Level 2.5 Shields


You had 6 spell levels left.
You didn't know any spells.
Your spell library contained the following spells:

 Spells                   Type           Power        Failure   Level  Hunger
 Animate Skeleton         Necr           N/A          92%         1    ##.....
 Apportation              Tloc           #.....       92%         1    ##.....
 Confusing Touch          Hex            #.....       92%         1    ##.....
 Summon Small Mammal      Summ           #...         92%         1    ##.....


Dungeon Overview and Level Annotations

Branches:
Dungeon (4/15)
 Temple: D:4-7

Altars:
Ashenzari
Cheibriados
Elyvilon
Kikubaaqudgha
Qazlal
Ru
Trog


Innate Abilities, Weirdness & Mutations

You are small and have problems with some larger weapons.
You are somewhat resistant to further mutation.


Message History

The iguana is severely wounded.
The iguana bites you!
* * * LOW HITPOINT WARNING * * *
You closely miss the iguana.
The iguana is severely wounded.
You hit the iguana.
The iguana is almost dead.
You block the iguana's attack.
You hit the iguana but do no damage.
The iguana is almost dead.
You block the iguana's attack.
You hit the iguana.
You kill the iguana!
You have reached level 7!
Save game and exit?
Welcome back, Deathmic the Halfling Hunter.
Press ? for a list of commands and other information.
Quiver which item? (- for none, * to show all) (? for menu, Esc to quit)
Okay, then.
Are you sure you want to abandon this character and quit the game? (Confirm with "yes".)

.###...#.#.###.# #.......########
.##....'.......# ##..####....# #
.##....#.#.###### #..####.##.# #
..#.####.#.#....###........#§# #
.##.# #.#.#....)....####..#§# #
....####.#.#..#............#§# #
.............>.............### #
.###.###.#.#..##†##...##..)# #
####.###.#.#...#@##........######
...........#..##.................
###...##...<..######..#.....#####
###...###...............########
.##...#.....#+#####.#.#.#......#
.##...#.....................##.#
.##...#...........#.#.#.#..###.#
..#...#...........#.#.#.#..# #.#
#.#...#...........#.#.#.#..###.#


There were no monsters in sight!

Vanquished Creatures
  A howler monkey (D:4)
  An orc priest (D:3)
  An orc wizard (D:3)
  Jessica (D:3)
  Terence (D:3)
  2 iguanas (D:3)
  A worker ant (D:4)
  6 adders
  3 worms (D:3)
  4 dart slugs
  2 leopard geckos
  9 orcs (D:3)
  A ball python (D:3)
  A giant cockroach (D:2)
  5 goblins
  4 hobgoblins
  7 jackals
  9 kobolds
  4 bats
  4 frilled lizards
  6 rats
73 creatures vanquished.

Notes
Turn   | Place    | Note
-------+----------+-------------------------------------------
     0 | D:1      | Deathmic the Halfling Hunter began the quest for the Orb.
     0 | D:1      | Reached XP level 1. HP: 14/14 MP: 1/1
    30 | D:1      | Reached skill level 6 in Slings
    69 | D:1      | Reached XP level 2. HP: 14/19 MP: 2/2
   524 | D:1      | Reached XP level 3. HP: 23/24 MP: 3/3
   748 | D:1      | Reached skill level 1 in Short Blades
  1028 | D:2      | Reached XP level 4. HP: 27/29 MP: 4/4
  1047 | D:2      | Found a bloodstained altar of Trog.
  1066 | D:2      | Found a sacrificial altar of Ru.
  1067 | D:2      | Found a stormy altar of Qazlal.
  1071 | D:2      | Found a white marble altar of Elyvilon.
  1072 | D:2      | Found an ancient bone altar of Kikubaaqudgha.
  1073 | D:2      | Found a snail-covered altar of Cheibriados.
  1074 | D:2      | Found a shattered altar of Ashenzari.
  1392 | D:3      | Noticed Terence
  1410 | D:3      | Killed Terence
  1588 | D:3      | Reached XP level 5. HP: 18/34 MP: 5/5
  2188 | D:3      | Noticed Jessica
  2213 | D:3      | Killed Jessica
  2213 | D:3      | Reached skill level 1 in Shields
  2534 | D:3      | Reached XP level 6. HP: 24/39 MP: 6/6
  2777 | D:3      | Found a faded altar of an unknown god.
  2911 | D:4      | Reached skill level 7 in Slings
  3114 | D:3      | Reached XP level 7. HP: 12/45 MP: 7/7
  3115 | D:3      | Quit the game

Levels and vault maps discovered:
D:1:      elethiomel_arrival_quiet, layout_loops_ring, serial_glass,
          glass_columns_a, glass_columns_a, glass_columns_b,
          minmay_misc_feat_pillars
D:2:      layout_rooms, grunt_temple_overflow_open, dk_noncrumbling_3
D:3:      layout_basic, chequers_ecumenical_altar_lobes, uniq_terence,
          uniq_jessica
D:4:      minmay_razor_zed, layout_rooms, first_ration, serial_park_tiny_2

Skill      XL: |  1  2  3  4  5  6 |
---------------+-------------------+-----
Slings         | 6 7 |  7.1
Short Blades   | 2 3 4 |  4.2
Fighting       | 2 |  2.6
Dodging        | 3 |  3.4
Shields        | 1 2 |  2.5
Stealth        | 2 |  2.1
Armour         | |  0.7

Action                   |  1- 3 |  4- 6 |  7- 9 || total
-------------------------+-------+-------+-------++-------
Melee: Short sword       |    26 |    52 |       ||    78
       Dagger            |    98 |   305 |       ||   403
 Fire: Hunting sling     |     2 |    15 |       ||    17
  Use: Scroll            |       |     6 |       ||     6
       Potion            |       |     1 |       ||     1
 Stab: Sleeping          |       |     5 |       ||     5
  Eat: Chunk             |       |     7 |       ||     7
Armor: Leather armour    |    23 |       |       ||    23
       Robe              |     6 |    59 |       ||    65
Dodge: Dodged            |    95 |   132 |       ||   227
Block: Shield            |       |   168 |       ||   168

Table legend:
 A = Non-vault XP
 B = Vault XP
 C = Vault XP percentage of total XP
 D = Non-vault monster count
 E = Vault monster count
 F = Vault count percentage of total count
                 A         B        C        D         E       F
            +---------+---------+-------+---------+---------+-------
      Total |     450 |      73 |  14.0 |      71 |       2 |   2.7
            +---------+---------+-------+---------+---------+-------
        D:1 |      36 |       0 |   0.0 |      18 |       0 |   0.0
        D:2 |      55 |       0 |   0.0 |      18 |       0 |   0.0
        D:3 |     258 |      73 |  22.1 |      32 |       2 |   5.9
        D:4 |     101 |       0 |   0.0 |       3 |       0 |   0.0
            +---------+---------+-------+---------+---------+-------
